 Dungeon Crawl Stone Soup version 0.30-a0-956-gcec3b41aec (webtiles) character file.

Game seed: 6580127785127115479

7890 retardedninja the Carver (level 11, -14/89 HPs)
             Began as an Armataur Fighter on Mar 29, 2023.
             Was a Believer of Hepliaklqana.
             Demolished by Gastronok (28 damage)
             ... on level 9 of the Dungeon.
             The game lasted 00:14:19 (8372 turns).

retardedninja the Carver (Armataur Fighter)         Turns: 8372, Time: 00:14:20

Health: -14/89     AC: 15    Str: 25    XL:     11   Next: 2%
Magic:  11/11      EV:  5    Int: 12    God:    Hepliaklqana [**....]
Gold:   349        SH:  6    Dex: 10    Spells: 10/10 levels left

rFire   + . .      SeeInvis .    d - +3 scimitar (flame)
rCold   . . .      Faith    .    c - +0 buckler
rNeg    . . .      Spirit   .    v - +0 plate armour
rPois   .          Reflect  .    t - +2 helmet {Int+3}
rElec   .          Roll     +    (no cloak)
rCorr   +                        (no gloves)
Will    .....                    (no barding) Stlth
                                 g - amulet of regeneration
HPRegen 1.14/turn                q - ring of protection from fire
MPRegen 0.12/turn                b - ring of resist corrosion

@: slowed, very slow
A: reduced essence, large, rugged brown scales 3, deformed body, armoured tail,
roll, long tongue, awkward tongue
a: Renounce Religion, Recall Ancestor, Ancestor Identity


You were on level 9 of the Dungeon.
You worshipped Hepliaklqana.
Hepliaklqana was pleased with you.
You visited 2 branches of the dungeon, and saw 10 of its levels.

You collected 544 gold pieces.
You spent 195 gold pieces at shops.

Inventory:

Hand Weapons
 d - a +3 scimitar of flaming (weapon)
Armour
 c - a +0 buckler (worn)
 p - a +0 pair of gloves
 t - a +2 helmet of intelligence (worn)
 v - a +0 plate armour (worn)
Jewellery
 b - a ring of resist corrosion (right hand)
 g - an amulet of regeneration (around neck)
 q - a ring of protection from fire (left hand)
Wands
 i - a wand of quicksilver (2)
Scrolls
 a - a scroll of magic mapping {unknown}
 e - a scroll of torment
 f - a scroll of fog
 h - a scroll of enchant armour {unknown}
 j - a scroll of fear {unknown}
 k - a scroll of vulnerability
 m - 3 scrolls of identify
 r - a scroll of teleportation
 s - a scroll of poison
Potions
 l - 4 potions of haste
 n - 2 potions of attraction
 o - a potion of brilliance
 u - 3 potions of degeneration {unknown}
 w - 2 potions of magic
 x - 2 potions of mutation {unknown}
 z - a potion of berserk rage {unknown}
 A - a potion of flight {unknown}


   Skills:
 + Level 7.5 Fighting
 * Level 10.1 Long Blades
 + Level 9.9 Armour
 + Level 9.1 Shields


You had 10 spell levels left.
You didn't know any spells.
Your spell library contained the following spells:

 Spells                   Type           Power      Damage    Failure   Level
 Magic Dart               Conj           0%         1d3       99%         1
 Call Imp                 Summ           0%         N/A       99%         2
 Ensorcelled Hibernation  Hex/Ice        0%         N/A       99%         2
 Passwall                 Tmut/Erth      0%         N/A       99%         2
 Hailstorm                Conj/Ice       0%         3d3       100%        3
 Mephitic Cloud           Conj/Pois/Air  0%         N/A       100%        3
 Swiftness                Air            0%         N/A       100%        3
 Animate Dead             Necr           0%         N/A       100%        4
 Ice Form                 Ice/Tmut       0%         N/A       100%        4
 Passage of Golubria      Tloc           0%         N/A       100%        4
 Silence                  Hex/Air        0%         N/A       100%        5
 Simulacrum               Ice/Necr       0%         N/A       100%        6
 Haunt                    Necr/Summ      0%         N/A       100%        7
 Infestation              Necr           0%         N/A       100%        8
 Lehudib's Crystal Spear  Conj/Erth      0%         10d2      100%        8


Dungeon Overview and Level Annotations

Branches:
Dungeon (9/15)             Temple (1/1) D:5
   Lair: D:8-11         Orc: D:9-12

Altars:
Ashenzari
Cheibriados
Dithmenos
Elyvilon
Fedhas
Gozag
Hepliaklqana
Kikubaaqudgha
Makhleb
Nemelex Xobeh
Okawaru
Qazlal
Ru
Sif Muna
Trog
Uskayaw
Vehumet
Wu Jian
Xom
Yredelemnul
Zin
The Shining One

Shops:
D:3 [[[:

Portals:
Abyss: D:7

Annotations:
D:7 2 transporters, Palms's ghost, novice GnWn
D:9 Gastronok


Innate Abilities, Weirdness & Mutations

Your life essence is reduced to manifest your ancestor. (-10% HP)
You are completely covered in rugged brown scales. (AC +3, +7% HP)
Armour fits poorly on your strangely shaped body.
You have a long armoured tail.
You roll when moving toward enemies. (Rampage)
Your long tongue fully drains potion bottles. (2x potion effects)
Your tongue gives you trouble enunciating. (1.5x scroll delay)


Message History

Unknown command.
You are too injured to fight recklessly!
You are too injured to fight recklessly!
Unknown command.
You are too injured to fight recklessly!
Unknown command.
Unknown command.
You are too injured to fight recklessly!
You hit Gastronok. You burn Gastronok.
Gastronok is lightly wounded.
You slash Gastronok! You burn Gastronok!
Gastronok is moderately wounded.
Gastronok looks at you and mumbles some strange words.
You feel yourself slow down.
You hit Gastronok but do no damage.
Gastronok is moderately wounded.
Gastronok waves his eye-stalks in wide circles.
The air twists around and strikes you.
You slash Gastronok! You burn Gastronok. You tail-slap Gastronok!
Gastronok is heavily wounded.
You hit Gastronok. You burn Gastronok.
Gastronok is heavily wounded.
Autistic samurai gestures at Gastronok while chanting.
The stone arrow hits Gastronok!
Gastronok bites you!
You hit Gastronok. You burn Gastronok.
Gastronok is heavily wounded.
Gastronok bites you!!
You hit Gastronok. You burn Gastronok.
Gastronok is severely wounded.
Autistic samurai casts a spell at Gastronok.
The stone arrow hits Gastronok!
You hit Gastronok. You burn Gastronok.
Gastronok is severely wounded.
Autistic samurai casts a spell at Gastronok.
The stone arrow hits Gastronok!
Gastronok bites you!!
* * * LOW HITPOINT WARNING * * *
You slash Gastronok! You burn Gastronok.
Gastronok is almost dead.
Gastronok bites you!!
You die...

# #.# ##..# #..... ###
....... ..# ....... #.#
#..... #.# ....... #.#
...##.# ###.#####.#..#
......# #.....w@R.#..#
....... ..#.#####.#..#
.##### #.#...#.#..# ##
#.#.#.#.#..# #
#)#.#.#.#..# ##
#.#.#...#..# .##
#?#.#####.)# ..#######
#..........#
.....)..##########.##.#


You could see the friendly autistic samurai the battlemage and Gastronok (swift,
ally target).

Vanquished Creatures
  2 two-headed ogres
  Joseph (D:9)
  Psyche (D:8)
  Maggie (D:8)
  10 yaks
  A vampire (D:7)
  A wyvern (D:8)
  2 steam dragons
  Menkaure (D:6)
  A water moccasin (D:8)
  2 ice beasts
  A black bear (D:4)
  2 sky beasts
  4 ogres
  A kobold brigand (D:9)
  2 bullfrogs
  A gnoll sergeant (D:8)
  3 scorpions
  5 wights
  A howler monkey (D:6)
  2 hounds (D:5)
  2 orc priests (D:5)
  A sleepcap (D:3)
  4 iguanas
  4 orc wizards
  A centaur simulacrum (D:8)
  2 gnolls (D:8)
  9 adders
  A shadow imp (D:5)
  2 white imps
  3 ufetubi
  A worm (D:2)
  4 dart slugs
  26 orcs
  3 bats
  5 endoplasms
  5 giant cockroaches
  6 goblins
  9 hobgoblins
  3 jackals (D:3)
  3 quokkas
  8 ball pythons
  A frilled lizard (D:2)
  11 kobolds
  4 rats
163 creatures vanquished.

Vanquished Creatures (collateral kills)
  A two-headed ogre (D:9)
  2 yaks
  A wraith (D:8)
  A water moccasin (D:8)
  An orc warrior (D:6)
  An ice beast (D:8)
  A centaur (D:9)
  3 wights (D:9)
  An orc priest (D:9)
  A jelly (D:6)
  An orc wizard (D:7)
  A gnoll (D:8)
  7 orcs
  A kobold (D:9)
23 creatures vanquished.

Vanquished Creatures (others)
  4 battlemagi
  21 fungi (D:7)
25 creatures vanquished.

Grand Total: 211 creatures vanquished

Notes
Turn   | Place    | Note
-------+----------+-------------------------------------------
     0 | D:1      | retardedninja the Armataur Fighter began the quest for the
                  | Orb.
     0 | D:1      | Reached XP level 1. HP: 19/19 MP: 1/1
   109 | D:1      | Reached skill level 2 in Long Blades
   116 | D:1      | Reached XP level 2. HP: 25/26 MP: 2/2
   493 | D:1      | Reached XP level 3. HP: 33/33 MP: 3/3
   929 | D:2      | Found a shimmering blue altar of Sif Muna.
   980 | D:2      | Reached XP level 4. HP: 40/40 MP: 4/4
  1307 | D:2      | Reached skill level 3 in Long Blades
  1473 | D:3      | Reached XP level 5. HP: 48/48 MP: 5/5
  1548 | D:3      | Found Evasechiun's Antique Armour Emporium.
  1571 | D:3      | Found Woda Irapt's Armour Emporium.
  1615 | D:3      | Found Yruecl Xiymp's Book Shoppe.
  1698 | D:3      | Found Neoteawk's Antique Armour Boutique.
  1698 | D:3      | Found a shimmering altar of Xom.
  1708 | D:3      | Bought a runed helmet for 195 gold pieces
  1757 | D:3      | Found an opulent altar of Gozag.
  2140 | D:4      | Noticed a black bear
  2278 | D:4      | Killed a black bear
  2279 | D:4      | Reached XP level 6. HP: 44/55 MP: 6/6
  2404 | D:4      | Noticed a two-headed ogre
  2410 | D:4      | Reached skill level 5 in Armour
  2412 | D:4      | Killed a two-headed ogre
  2413 | D:4      | Reached skill level 5 in Long Blades
  2413 | D:4      | Reached skill level 5 in Shields
  2413 | D:4      | Reached XP level 7. HP: 31/64 MP: 7/7
  2828 | D:5      | Entered Level 5 of the Dungeon
  2865 | D:5      | Reached XP level 8. HP: 48/71 MP: 8/8
  3294 | D:5      | Found a staircase to the Ecumenical Temple.
  3318 | Temple   | Entered the Ecumenical Temple
  3576 | Temple   | Became a worshipper of Hepliaklqana the Forgotten
  3777 | D:5      | Reached skill level 6 in Long Blades
  3821 | D:5      | Found a basalt altar of Yredelemnul.
  4109 | D:5      | Reached skill level 5 in Fighting
  4363 | D:6      | Noticed Menkaure
  4366 | D:6      | Killed Menkaure
  4496 | D:6      | Reached * piety under Hepliaklqana
  4607 | D:6      | Found a bloodstained altar of Trog.
  5027 | D:6      | Reached skill level 7 in Long Blades
  5027 | D:6      | Reached XP level 9. HP: 46/71 MP: 9/9
  5257 | D:7      | Found a shadowy altar of Dithmenos.
  5361 | D:7      | Found a blossoming altar of Fedhas.
  5370 | D:7      | Found a transporter.
  5419 | D:7      | Found an iron altar of Okawaru.
  5498 | D:7      | Reached ** piety under Hepliaklqana
  5499 | D:7      | Remembered your ancestor autistic samurai as a battlemage
  5579 | D:7      | Found a one-way gate to the infinite horrors of the Abyss.
  5579 | D:7      | Noticed Palms's ghost (novice GnWn)
  5594 | D:7      | Noticed a red devil
  5622 | D:7      | Found a transporter.
  6351 | D:8      | Noticed a two-headed ogre
  6352 | D:8      | Noticed Maggie
  6361 | D:8      | Killed a two-headed ogre
  6362 | D:8      | Reached skill level 8 in Long Blades
  6384 | D:8      | Killed Maggie
  6657 | D:8      | Reached XP level 10. HP: 76/81 MP: 10/10
  6766 | D:8      | Noticed Psyche
  6779 | D:8      | Killed Psyche
  7209 | D:9      | Noticed Joseph
  7475 | D:8      | Reached skill level 9 in Long Blades
  7660 | D:9      | Killed Joseph
  8267 | D:9      | Reached skill level 10 in Long Blades
  8300 | D:9      | Noticed a two-headed ogre
  8306 | D:9      | Killed a two-headed ogre
  8307 | D:9      | Reached XP level 11. HP: 70/89 MP: 11/11
  8361 | D:9      | Noticed Gastronok
  8372 | D:9      | Demolished by Gastronok

Illustrated notes

Levels and vault maps discovered:
D:1:      dpeg_arrival_tiny_g, layout_basic
D:2:      layout_rooms, basic_altar
D:3:      layout_loops_cross, mainiacjoe_overflow_large_starburst, serial_shops,
          shop, nicolae_shop_advertising_works [nicolae_subvault_shop_adworks],
          nicolae_square_shop, shop
D:4:      layout_cave_pools
D:5:      layout_basic, kennysheep_little_box, minmay_temple_entry_offerings
D:6:      layout_gridville, lemuel_doored_altar, uniq_menkaure
D:7:      layout_cave_pods, mainiacjoe_overflow_chevrons,
          mainiacjoe_overflow_catch_the_wave, gammafunk_ghost_abyssal_escape
D:8:      layout_cave_pods, serial_ice, serial_ice_l, serial_ice_a,
          serial_ice_o, serial_ice_g, uniq_psyche, uniq_maggie
D:9:      layout_rooms, roderic_lattice_a, uniq_joseph, uniq_gastronok
Temple:   regret_index_temple_generic_petals

Skill      XL: |  1  2  3  4  5  6  7  8  9 10 |
---------------+-------------------------------+-----
Long Blades    | 2 3 5 7 8 10 | 10.1
Armour         | 4 6 7 8 9 |  9.9
Fighting       | 3 4 5 6 7 |  7.5
Shields        | 4 5 6 7 9 |  9.1

Action                     |  1- 3 |  4- 6 |  7- 9 | 10-12 || total
---------------------------+-------+-------+-------+-------++-------
  Melee: Long sword        |   114 |   145 |   259 |       ||   518
         Tailslap          |    14 |    16 |    44 |    19 ||    93
         Scimitar          |       |       |    19 |   108 ||   127
 Invoke: Ancestor Identity |       |       |     2 |       ||     2
         Ancestor Life: Ba |       |       |     1 |       ||     1
         Recall Ancestor   |       |       |       |     2 ||     2
  Evoke: Wand              |       |     4 |       |     2 ||     6
    Use: Potion            |       |     1 |     9 |     3 ||    13
         Scroll            |       |       |    16 |     3 ||    19
   Stab: Distracted        |       |       |       |     1 ||     1
 Armour: Scale mail        |    56 |   124 |       |       ||   180
         Plate armour      |       |     1 |   149 |    58 ||   208
  Dodge: Dodged            |    45 |    90 |    62 |    25 ||   222
  Block: Buckler           |    27 |    47 |    62 |    36 ||   172

Table legend: (Time is in decaauts)
 A = Elapsed time spent in this place.
 B = Non-inter-level travel time spent in this place.
 C = Inter-level travel time spent in this place.
 D = Time resting spent in this place.
 E = Time spent auto-exploring this place.
 F = Levels seen in this place.
 G = Mean time per level.
                   A        B        C        D        E       F      G
               +--------+--------+--------+--------+--------+-----+--------+
         Total |   8405 |   8001 |    404 |   1708 |   4798 |  10 |  840.5 |
       Dungeon |   8121 |   7777 |    344 |   1708 |   4582 |   9 |  902.3 |
        Temple |    283 |    223 |     60 |      0 |    216 |   1 |  283.0 |
               +--------+--------+--------+--------+--------+-----+--------+

Top non-repeatable levels by time:
     D:8: 1938 daAuts
     D:5: 1132 daAuts
     D:6: 1019 daAuts
     D:3: 943 daAuts
     D:7: 789 daAuts
     D:1: 780 daAuts
     D:2: 687 daAuts
     D:4: 498 daAuts
     D:9: 331 daAuts
  Temple: 283 daAuts
